Map: Emerald City LE

Players

AndronicuS - Winner!

  • Race: Terran Terran
  • Spawn Location: 5:00

Cobra - Winner!

  • Race: Protoss Protoss
  • League: Master
  • Spawn Location: 5:00

qqq

  • Race: Zerg Zerg
  • Spawn Location: 11:00

Massa

  • Race: Terran Terran
  • Spawn Location: 11:00

VOD

Have the link to the VOD?

Description

Time

  • Played on: Jan. 26, 2021, 12:23 p.m.
  • Length: 8:53
Show
View Real Time Build Order
Export as new Build Order

AndronicuS Terran - Winner!

Build Orders:  

Get SALT Encoding   

  12  0:00  SCV  
  13  0:12  SCV  
  14  0:18  Supply Depot  
  14  0:24  SCV  
  15  0:39  SCV  
  15  0:40  Barracks  
  16  0:44  Refinery  
  16  0:51  SCV  
  17  1:03  SCV  
  18  1:12  Refinery  
  18  1:15  SCV  
  19  1:29  Barracks Tech Lab  
  19  1:30  Orbital Command  
  19  1:38  Barracks  
  19  1:39  Supply Depot  
  19  1:48  Marine  
  19  1:50  Stimpack  
  20  1:55  SCV  
  21  2:06  Marine  
  21  2:07  SCV  
  23  2:14  Factory  
  23  2:19  SCV  
  24  2:24  Marine  
  24  2:25  Barracks Reactor  
  25  2:30  Supply Depot  
  25  2:33  SCV  
  26  2:44  Marine  
  26  2:49  SCV  
  28  2:58  Bunker  
  28  3:02  Marine  
  28  3:03  Factory Tech Lab, Marine  
  28  3:04  SCV  
  31  3:09  Starport  
  31  3:18  Marine  
  32  3:20  SCV  
  32  3:22  Siege Tank  
  32  3:23  Marine  
  32  3:25  Marine  
  38  3:31  Supply Depot  
  38  3:33  SCV  
  39  3:38  Combat Shield  
  39  3:48  Starport Reactor  
  39  3:58  Command Center  
  39  4:06  Siege Tank  
  39  4:08  Marine  
  43  4:10  SCV  
  43  4:13  Marine  
  43  4:14  Marine  
  46  4:22  Supply Depot  
  46  4:23  SCV  
  47  4:34  Supply Depot  
  47  4:43  Medivac  
  47  4:44  SCV  
  47  4:45  Marine x2  
  51  4:46  Marine  
  51  4:48  Medivac  
  55  4:56  Siege Tank  
  55  4:57  SCV  
  59  5:07  Marine  
  59  5:08  Marine x2  
  62  5:17  Orbital Command  
  62  5:18  SCV  
  63  5:25  Marine x2  
  65  5:29  Refinery  
  65  5:30  SCV  
  65  5:32  Marine  
  67  5:40  Medivac  
  67  5:41  Medivac  
  71  5:43  Marine x2  
  73  5:50  Marine  
  74  6:01  Marine x2  
  75  6:08  Marine  
  60  6:19  Marine x2  
  60  6:21  SCV x2  
  60  6:23  Refinery  
  64  6:26  Marauder  
  64  6:28  Barracks x2  
  64  6:29  Factory  
  63  6:34  Engineering Bay  
  63  6:41  SCV x2  
  65  6:47  Marauder  
  65  6:49  Medivac x2  
  65  6:52  Marine x2  
  65  6:53  SCV x2  
  75  7:00  Engineering Bay  
  75  7:08  Marine  
  75  7:10  Marine x2  
  77  7:19  Marine x2  
  76  7:22  Factory Reactor  
  76  7:25  Medivac  
  76  7:27  SCV  
  76  7:28  SCV, Marine  
  76  7:29  Marine  
  78  7:32  Supply Depot  
  77  7:37  Marine  
  78  7:46  Concussive Shells  
  78  7:53  Marauder, Marine, Medivac, Siege Tank  
  78  7:54  Armory  
  78  7:55  Command Center  
  83  8:00  Barracks Reactor, Marine x2  
  82  8:10  Widow Mine  
  82  8:11  Widow Mine  
  86  8:16  Supply Depot  
  86  8:17  Barracks Reactor  
  86  8:34  Marine  
  86  8:37  SCV x2  
Show
View Real Time Build Order
Export as new Build Order

Cobra Protoss - Winner!

Build Orders: 1 Gate Expand 

Get SALT Encoding   

  12  0:00  Probe  
  13  0:12  Probe  
  14  0:17  Pylon  
  14  0:24  Probe  
  15  0:37  Gateway  
  15  0:40  Assimilator  
  16  0:42  Probe (Chrono Boost)  
  16  0:53  Probe (Chrono Boost)  
  17  0:58  Probe (Chrono Boost)  
  18  1:09  Probe  
  19  1:24  Cybernetics Core  
  19  1:35  Nexus  
  19  1:40  Probe  
  19  1:45  Pylon  
  20  1:52  Probe  
  21  2:01  Robotics Facility, Warp Gate (Chrono Boost)  
  21  2:07  Probe  
  22  2:14  Stalker (Chrono Boost)  
  24  2:26  Gateway  
  24  2:33  Gateway  
  24  2:49  Probe  
  25  2:54  Immortal (Chrono Boost)  
  25  2:56  Probe  
  30  3:01  Probe  
  31  3:08  Probe  
  31  3:15  Probe  
  32  3:21  Pylon  
  32  3:25  Warp Prism (Chrono Boost)  
  34  3:29  Probe  
  36  3:42  Stalker  
  36  3:43  Stalker  
  36  3:47  Assimilator  
  39  3:51  Stalker  
  39  3:53  Probe (Chrono Boost)  
  43  4:03  Probe (Chrono Boost)  
  43  4:06  Probe (Chrono Boost)  
  43  4:08  Adept  
  46  4:10  Probe (Chrono Boost)  
  46  4:11  Pylon  
  48  4:17  Probe (Chrono Boost)  
  49  4:25  Probe (Chrono Boost)  
  49  4:26  Probe (Chrono Boost), Forge  
  50  4:32  Probe  
  50  4:33  Zealot  
  50  4:34  Probe  
  50  4:37  Zealot  
  56  4:41  Zealot  
  56  4:44  Probe  
  59  4:52  Protoss Ground Weapons Level 1 (Chrono Boost)  
  57  4:56  Probe  
  57  4:57  Pylon  
  57  4:59  Pylon  
  56  5:17  Adept  
  56  5:18  Adept x2  
  62  5:25  Probe  
  63  5:28  Gateway  
  63  5:29  Nexus  
  63  5:36  Gateway  
  63  5:38  Gateway  
  63  5:52  Zealot  
  63  5:54  Zealot x2  
  63  5:56  Probe  
  70  5:59  Probe  
  69  6:08  Probe  
  60  6:20  Probe, Stalker x3  
  60  6:24  Assimilator  
  59  6:25  Assimilator  
  59  6:26  Forge  
  59  6:28  Pylon  
  59  6:29  Pylon  
  60  6:32  Probe  
  60  6:45  Probe  
  60  6:46  Probe  
  58  6:50  Gateway  
  58  6:52  Gateway, Protoss Ground Armor Level 1 (Chrono Boost)  
  58  6:54  Gateway  
  58  6:55  Twilight Council  
  56  7:10  Stalker x3  
  56  7:13  Stalker  
  62  7:20  Stalker x2  
  62  7:21  Stalker  
  60  7:24  Probe  
  60  7:28  Probe  
  54  7:30  Pylon  
  52  7:38  Adept x2  
  52  7:39  Adept  
  58  7:45  Sentry x3  
  64  7:55  Stalker x2  
  64  7:57  Adept  
  70  8:03  Sentry x3  
  78  8:05  Probe (Chrono Boost)  
  78  8:08  Probe (Chrono Boost)  
  78  8:09  Probe (Chrono Boost)  
  79  8:16  Probe (Chrono Boost)  
  79  8:17  Stalker  
  79  8:18  Probe (Chrono Boost), Sentry  
  85  8:22  Probe (Chrono Boost)  
  85  8:26  Stalker  
  86  8:28  Adept  
  86  8:29  Probe  
  86  8:30  Probe  
  88  8:36  Adept  
  88  8:37  Adept  
  94  8:49  Adept x3  
  94  8:50  Adept  
Show
View Real Time Build Order
Export as new Build Order

qqq Zerg 

Build Orders: Hatch First 

Get SALT Encoding   

  12  0:00  Drone  
  13  0:10  Drone  
  14  0:18  Overlord  
  14  0:31  Overlord  
  14  0:38  Drone  
  14  0:39  Drone  
  16  1:01  Hatchery  
  15  1:05  Drone  
  15  1:06  Drone  
  17  1:11  Drone  
  18  1:30  Spawning Pool  
  18  1:31  Extractor  
  16  1:35  Drone x2  
  18  1:43  Drone  
  19  1:49  Drone  
  20  2:00  Drone  
  21  2:05  Extractor  
  20  2:16  Queen  
  20  2:17  Queen  
  20  2:18  Drone  
  20  2:19  Drone  
  20  2:22  Drone  
  27  2:27  Drone  
  28  2:35  Drone  
  29  2:40  Drone  
  29  2:45  Overlord  
  29  2:47  Drone  
  30  3:00  Roach Warren  
  30  3:04  Lair  
  29  3:06  Drone  
  29  3:12  Drone  
  31  3:22  Drone  
  31  3:25  Drone  
  33  3:29  Drone  
  33  3:31  Hatchery, Drone  
  33  3:33  Drone  
  35  3:42  Drone  
  35  3:44  Overlord, Roach  
  35  3:48  Drone  
  39  3:56  Drone, Roach  
  39  3:57  Roach  
  39  4:01  Overlord  
  44  4:03  Drone  
  44  4:09  Drone  
  46  4:15  Infestation Pit, Roach x2  
  49  4:19  Glial Reconstitution  
  49  4:22  Roach  
  51  4:30  Drone x4  
  55  4:37  Roach  
  55  4:38  Roach  
  60  5:01  Hatchery  
  57  5:09  Roach  
  59  5:19  Hive  
  59  5:23  Spire  
  59  5:24  Drone x2  
  59  5:26  Overlord x2  
  59  5:27  Overlord x2  
  60  5:32  Extractor  
  60  5:33  Extractor  
  58  5:50  Roach x2  
  54  6:21  Roach x4  
  54  6:23  Roach x7  
  74  6:36  Mutalisk x2  
  78  6:42  Drone x5  
  83  6:48  Drone x2  
  85  7:03  Ravager  
  71  7:22  Mutalisk  
  55  7:24  Zergling x2, Roach x3  
  55  7:25  Zergling x6  
  55  7:26  Zergling x8  
  65  7:34  Roach  
  65  7:35  Zergling x2  
  64  7:43  Mutalisk  
  64  7:45  Roach  
  59  8:03  Roach x3  
  59  8:04  Roach x3  
  68  8:07  Queen  
  67  8:14  Roach  
  67  8:15  Roach x2  
  67  8:19  Hatchery  
  70  8:26  Roach x3  
  60  8:29  Hatchery  
  60  8:33  Zergling x4  
Show
View Real Time Build Order
Export as new Build Order

Massa Terran 

Build Orders: Reaper Expand, Mech 

Get SALT Encoding   

  12  0:00  SCV  
  13  0:12  SCV  
  14  0:18  Supply Depot  
  14  0:25  SCV  
  15  0:40  SCV  
  15  0:41  Barracks  
  16  0:52  SCV  
  16  0:55  Refinery  
  17  1:04  SCV  
  18  1:16  SCV  
  19  1:29  Orbital Command  
  19  1:37  Command Center  
  19  1:42  Reaper  
  20  1:55  SCV  
  21  2:07  SCV  
  21  2:08  Supply Depot  
  22  2:14  Marine  
  23  2:20  Factory  
  23  2:30  SCV  
  24  2:38  Command Center  
  24  2:42  SCV  
  25  2:46  Refinery  
  25  2:53  Barracks Tech Lab  
  25  3:27  Barracks Tech Lab  
  25  3:28  Starport, Barracks Reactor  
  25  3:30  SCV  
  25  3:32  Orbital Command  
  26  3:42  SCV  
  26  3:47  Barracks  
  27  3:49  Barracks x2  
  27  3:54  SCV x2  
  29  3:57  Refinery  
  29  4:01  SCV  
  30  4:06  SCV x2  
  32  4:13  Siege Tank  
  32  4:15  Medivac  
  32  4:16  Marine  
  38  4:18  SCV  
  38  4:19  SCV x2  
  41  4:31  SCV x2  
  43  4:34  Marine  
  44  4:40  SCV  
  44  4:43  SCV x2  
  47  4:45  Siege Tank  
  47  4:52  Marine  
  50  5:13  Barracks Reactor, Barracks Tech Lab  
  50  5:14  Barracks Reactor, Barracks Tech Lab  
  50  5:17  Liberator  
  53  5:33  Widow Mine  
  53  5:34  Marauder x2  
  59  5:56  Marauder  
  52  6:23  Supply Depot  
  52  6:24  Supply Depot x2  
  47  6:28  Supply Depot  
  46  6:45  Marine x4, Supply Depot x2  
  46  6:46  Marauder  
  54  6:47  Supply Depot  
  54  6:49  Factory  
  54  6:50  Factory  
  54  6:53  Supply Depot x2  
  54  6:54  Supply Depot  
  54  7:03  Marine x4  
  54  7:07  Marine  
  57  7:12  Supply Depot  
  57  7:21  Marine x2  
  57  7:23  Marine x3  
  57  7:25  Marauder  
  47  7:39  Marine x2  
  47  7:40  Orbital Command, Marine x2  
  47  7:41  Marine  
  50  7:47  Marauder  
  50  7:53  Factory Tech Lab  
  50  7:57  Marine  
  47  8:00  Factory Tech Lab  
  38  8:06  Marine x4  
  38  8:08  Marauder  
  44  8:14  Marine  
  45  8:24  Marine x4  
  47  8:29  Marauder  
  47  8:32  Marine  
Tags
 
Add a new tag
Caveats
  • Supply blocks, unpowered buildings, or Contaminate may cause inaccurate times.
  • Supply counts are checked every 10 seconds.